 Dungeon Crawl Stone Soup version 0.14-a0-3295-g3fd807f (console) character file.

337555 DracheReborn the Phalangite (level 21, -1/166 HPs)
             Began as a Merfolk Fighter on Mar 9, 2014.
             Was the Champion of Makhleb.
             Slain by an ancient lich (3 damage)
             ... on Level 5 of the Vaults on Mar 14, 2014.
             The game lasted 14:01:23 (60794 turns).

DracheReborn the Phalangite (Merfolk Fighter)      Turns: 60794, Time: 14:01:23

HP  -1/166       AC 33     Str 20      XL: 21   Next: 81%
MP   0/34        EV 18     Int 10      God: Makhleb [******]
Gold 4367        SH  0     Dex 18      Spells:  9 memorised,  0 levels left

rFire  + . .     SeeInvis .     w - +5,+4 bardiche (vamp)
rCold  . . .     Clarity  +     Z - +7 chain mail {MR+}
rNeg   . . .     Conserve .     (no shield)
rPois  +         rCorr    .     i - +2 helmet "Vyenif" {rElec rPois rF+ Curse}
rElec  +         rRot     .     u - +2 cloak {+Inv}
SustAb . .       Spirit   +     L - +1 pair of gloves
rMut   .         Warding  .     U - +1 pair of boots
Saprov . . .     Stasis   .     d - amulet of guardian spirit
MR     +++..                    r - ring "Twaexim" {Wiz Int+1 Dam+4}
                                q - ring of regeneration

@: about to teleport, drained, extremely resistant to hostile enchantments, very
unstealthy
A: change form in water, swift swim, clarity, magic resistance 1
a: Minor Destruction, Lesser Servant of Makhleb, Major Destruction, Greater
Servant of Makhleb, Renounce Religion, Evoke Invisibility
}: 2/15 runes: decaying, gossamer


You were on level 5 of the Vaults.
You worshipped Makhleb.
Makhleb was exalted by your worship.
You were hungry.

You visited 9 branches of the dungeon, and saw 49 of its levels.
You also visited: Trove.

You collected 5968 gold pieces.
You spent 1601 gold pieces at shops.

Inventory:

Hand weapons
 a - the +3,+7 trident of Division {flame, Stlth+}
   (You found it on level 6 of the Dungeon)

   It emits flame when wielded, causing extra injury to most foes and up to
   double damage against particularly susceptible opponents.
   It makes you much more stealthy.
 c - a +1,+0 demon trident of venom
 w - a +5,+4 vampiric bardiche (weapon)
Armour
 i - the +2 helmet "Vyenif" (worn) {rElec rPois rF+ Curse}
   (You bought it in a shop on level 3 of the Vaults)

   It protects you from fire.
   It insulates you from electricity.
   It protects you from poison.
   It may recurse itself when equipped.
 u - a +2 cloak of darkness (worn)
 L - a +1 pair of gloves (worn)
 U - a +1 pair of boots (worn)
 Z - a +7 chain mail of magic resistance (worn)
Magical devices
 e - a wand of digging (3)
 f - a wand of hasting (1)
 g - a wand of teleportation (5)
 m - a wand of heal wounds (0)
 H - a wand of fire (0)
 O - a wand of hasting (3)
Comestibles
 o - 3 pears
 F - a chunk of orc flesh
 J - a meat ration
Scrolls
 b - 5 scrolls of magic mapping
 h - 3 scrolls of teleportation
 I - 2 scrolls of fear
 N - 4 scrolls of immolation
Jewellery
 d - an amulet of guardian spirit (around neck)
 q - a ring of regeneration (left hand)
 r - the ring "Twaexim" (right hand) {Wiz Int+1 Dam+4}
   (You took it off a deep elf conjurer on level 3 of the Elven Halls)

   [ring of wizardry]

   It affects your intelligence (+1).
   It affects your damage with ranged weapons and melee attacks (+4).
 s - an uncursed ring of see invisible {unknown}
 t - an uncursed amulet of resist mutation
 P - an uncursed ring of positive energy
 Q - an uncursed ring of poison resistance
 T - an uncursed ring of protection from fire
 X - an uncursed ring of protection from cold
Potions
 k - a potion of magic
 n - 4 potions of berserk rage
 v - a potion of invisibility
 x - 2 potions of resistance
 z - 8 potions of curing
 B - a potion of agility
 C - 3 potions of brilliance
Magical staves
 Y - an uncursed staff of wizardry
Miscellaneous
 j - a lamp of fire
 l - a lamp of fire
 y - a lamp of fire
 A - a fan of gales (inert)
 D - a fan of gales (inert)
 E - a sack of spiders {used: 3}
 G - a lamp of fire
 S - a phial of floods
Rods
 p - a +2 rod of the swarm (11/11)
   (You found it on level 3 of the Spider Nest)
 K - a +6 rod of striking (14/14)
   (You took it off an orc on level 5 of the Vaults)


   Skills:
 - Level 14.7(14.2) Fighting
 + Level 22.5(21.9) Polearms
 - Level 15.4(14.9) Armour
 - Level 18.0(17.4) Dodging
 - Level 8.8(8.3) Stealth
   Level 5.0(4.6) Shields
 - Level 5.2(4.8) Unarmed Combat
 - Level 3.0(2.6) Spellcasting
 - Level 3.0(2.6) Hexes
 - Level 14.0(13.5) Charms
 - Level 3.0(2.6) Necromancy
 - Level 12.0(11.5) Invocations
 - Level 6.0(5.6) Evocations


You couldn't memorise any spells.
You knew the following spells:

 Your Spells              Type           Power        Failure   Level  Hunger
a - Spectral Weapon       Hex/Chrm       ###.....     7%          3    ####...
b - Regeneration          Chrm/Necr      ###.......   7%          3    ####...
c - Apportation           Tloc           #.........   73%         1    ##.....
d - Blink                 Tloc           N/A          87%         2    ###....
e - Swiftness             Chrm/Air       ##......     7%          2    ###....
f - Repel Missiles        Chrm/Air       ##....       7%          2    ###....
g - Control Teleport      Chrm/Tloc      ##........   56%         4    #####..
h - Passage of Golubria   Tloc           N/A          100%        4    #####..
i - Phase Shift           Tloc           #.........   100%        5    ######.


Dungeon Overview and Level Annotations

Branches:
Dungeon (16/16)            Temple (1/1) D:7             Orc (4/4) D:9
    Elf (3/3) Orc:3          Lair (8/8) D:10          Swamp (5/5) Lair:3
 Spider (5/5) Lair:6        Slime (2/6) Lair:8       Vaults (5/5) D:14
  Blade (0/1) Vaults:3      Crypt (0/5) Vaults:2     Depths (0/6) D:16

Altars:
Ashenzari
Cheibriados
Dithmenos
Elyvilon
Fedhas
Kikubaaqudgha
Makhleb
Nemelex Xobeh
Okawaru
Sif Muna
Trog
Vehumet
Xom
Yredelemnul
Zin
The Shining One

Shops:
D:14 }   D:15 !   Orc:1 (   Orc:3 %   Orc:4 [??(   Elf:1 %*?}   Vaults:1 (
Vaults:3 [

Annotations:
Orc:1 Erolcha
Lair:5 Fannar
Swamp:1 exclusion: Roxanne, Roxanne
Spider:4 Nikola
Vaults:1 exclusion: door
Abyss:1 Agnes, Donald, Harold, Kirke, Maud


Innate Abilities, Weirdness & Mutations

You revert to your normal form in water.
You are very nimble and swift while swimming.
You possess an exceptional clarity of mind.
You are resistant to hostile enchantments.


Message History

Evoke which item? (* to show all) (? for menu, Esc to quit)
Okay, then.
Unknown command.
Evoke which item? (* to show all) (? for menu, Esc to quit)
A fierce wind blows from the fan.
The monsters around you are blown away!
The winds coalesce and take form.
The tengu reaver hits you but does no damage.
The tengu reaver completely misses you.
The tengu reaver claws you but does no damage.
Drink which item? (? for menu, Esc to quit)
You feel better.
An air elemental merges itself into the air.
An air elemental forms itself from the air!
The tengu reaver hits you from afar with a bardiche!
* * * LOW HITPOINT WARNING * * *
The ironbrand convoker points at the ogre and mumbles some strange words.
The ogre seems to grow stronger.
The tengu reaver gestures at you while chanting.
The bolt of lightning misses you. Something touches you.
You die...

#####.h(.....#####
o.....^...........
..T.^....<<.......
o.......<..<......
..@......<<..E.@@
#####.....@.C##############
.........@.H[..9........
....#....#O)##...........
###..#...@#H@###...........
#..#....#.((###.....?....
#..#....#E(.(###H........
#.. #..((.###.......
#......###......
#.......###(!.):
#......).###))[
#.......[.###:
#........[.####


You could see 2 tengu reavers, a vault guard, an ettin, an ironbrand convoker,
an ogre, 2 friendly air elementals and a friendly spectral vampiric bardiche.

Vanquished Creatures
  Frederick (Vaults:3)
  2 tentacled monstrosities
  2 liches
  An acid blob (Slime:1)
  2 deep elf blademasters (Elf:3)
  3 titans (Vaults:5)
  2 deep elf master archers (Elf:3)
  Rupert (Vaults:3)
  Frances (Swamp:2)
  A thorn hunter (Swamp:3)
  A ghost moth (Spider:4)
  8 vault wardens
  Wiglaf (Swamp:5)
  A frost giant (Vaults:4)
  A fire giant (Vaults:4)
  6 deep elf sorcerers
  Louise (Spider:1)
  2 emperor scorpions (Spider:5)
  6 deep elf demonologists
  10 stone giants
  A spriggan defender (Vaults:3)
  A war gargoyle (Vaults:5)
  5 deep elf annihilators (Elf:3)
  An unborn (Vaults:2)
  6 deep elf death magi
  Snorg (Lair:8)
  An ettin (Vaults:5)
  13 vault guards
  A deep elf high priest (Elf:3)
  A green death (Swamp:5)
  7 yaktaur captains
  4 ironheart preservers
  2 ravenous feature mimics
  13 ogre magi
  2 dancing weapons
  7 death yaks
  12 hydras
  A ravenous item mimic (Vaults:5)
  4 alligators
  An anaconda (shapeshifter) (D:16)
  An orc high priest (Elf:3)
  A thrashing horror (Swamp:5)
  A deep dwarf death knight (Vaults:2)
  4 very ugly things
  A rakshasa (D:16)
  3 centaur warriors
  Nergalle (Lair:8)
  3 catoblepae (Lair:8)
  2 spriggan druids
  A fire crab (Vaults:2)
  3 iron trolls
  3 shadow wraiths
  2 large abominations (Swamp:5)
  17 deep elf knights
  3 giant orange brains
  11 orb spiders
  11 deep elf summoners
  2 unseen horrors
  3 deep trolls (Vaults:5)
  7 ironbrand convokers
  3 swamp dragons
  15 orc knights
  20 deep elf conjurers
  8 cyclopes
  A wizard (Vaults:3)
  4 hill giants
  4 red wasps
  A salamander (shapeshifter) (Vaults:3)
  A draconian (shapeshifter) (Vaults:3)
  2 octopodes
  A manticore (shapeshifter) (Vaults:1)
  A moth of wrath (Spider:5)
  4 orc sorcerers
  2 manticores
  4 phantasmal warriors (Vaults:5)
  13 harpies
  3 griffons
  8 vault sentinels
  22 wolf spiders
  Maurice (Orc:2)
  16 spiny frogs
  2 octopodes (shapeshifter)
  2 spiny frogs (shapeshifter)
  3 elephants (Lair:8)
  A feature mimic (Orc:3)
  4 black mambas
  A faun (shapeshifter) (D:16)
  Psyche (D:10)
  3 fire drakes
  28 yaktaurs
  10 demonic crawlers
  A hell beast (Swamp:5)
  4 tengu conjurers
  2 hellwings
  2 human zombies (Vaults:5)
  A queen bee (D:11)
  2 freezing wraiths
  4 komodo dragons
  29 two-headed ogres
  6 wandering mushrooms (D:16)
  11 deep elf priests
  4 giant fireflies
  A spriggan (Swamp:4)
  9 trolls
  4 baby alligators (Swamp:2)
  8 blink frogs
  3 giant leeches
  19 jumping spiders
  14 ravens
  50 slime creatures
  8 bog bodies
  3 baby alligators (shapeshifter)
  A boulder beetle (D:14)
  4 basilisks
  8 trapdoor spiders
  2 thorn lotuses
  A hungry ghost (D:8)
  27 deep elf magi
  2 hippogriffs (shapeshifter)
  A shadow (Swamp:2)
  15 tarantellas
  20 sharks
  31 redbacks
  32 yaks
  2 yaks (shapeshifter)
  4 hogs (Swamp:1)
  An elephant slug (Lair:6)
  4 wyverns
  44 deep elf fighters
  12 hippogriffs
  34 ugly things
  A hill giant skeleton (D:7)
  30 vampire mosquitoes
  6 wolves
  19 swamp worms
  4 wargs
  A deep dwarf zombie (Vaults:2)
  A steam dragon (D:12)
  3 porcupines
  A hydra simulacrum (D:14)
  13 water moccasins
  A mottled dragon (D:14)
  19 spiders
  A black bear (D:11)
  10 swamp drakes
  56 ogres
  13 giant goldfish
  4 ice beasts
  6 sky beasts
  A soldier ant (D:14)
  3 yellow wasps
  29 orc warriors
  3 boring beetles
  2 phantoms
  13 crocodiles
  16 centaurs
  An elf skeleton (D:16)
  6 giant slugs
  8 elf zombies (Elf:3)
  3 earth elementals (D:16)
  Blork the orc (D:8)
  A brain worm (D:16)
  A komodo dragon skeleton (D:16)
  18 giant frogs
  4 big kobolds
  12 insubstantial wisps
  A wyvern skeleton (D:8)
  6 scorpions
  A cyclops skeleton (D:16)
  5 jellies
  20 killer bees
  12 electric eels
  3 spectral elves
  6 goliath beetles
  12 wights
  7 crimson imps
  10 hounds
  19 orc priests
  23 big fish
  A giant frog skeleton (D:7)
  9 iguanas
  35 orc wizards
  A quasit (D:11)
  Natasha (D:5)
  14 worker ants
  7 orange rats
  11 sheep
  A hound skeleton (D:5)
  A mummy (D:13)
  21 adders
  A worker ant zombie (D:11)
  37 green rats
  2 orc skeletons
  3 giant mites
  A goliath beetle zombie (D:7)
  3 worms
  5 orc zombies
  2 giant eyeballs
  An ooze (D:3)
  176 orcs
  2 ball pythons
  2 giant cockroaches (D:1)
  16 hobgoblins
  39 jackals
  34 kobolds
  13 quokkas
  24 bats
  9 giant geckos
  4 giant newts
  A giant spore (D:12)
  14 goblins
  A quokka zombie (D:7)
  19 rats
  A rat zombie (D:5)
  9 removed MONS_RAKSHASA_FAKEs
  A spectral orc (Lair:8)
  4 ballistomycetes (D:12)
  2 crawling corpses (Elf:1)
  2 fungi
  2 plants (Lair:8)
1804 creatures vanquished.

Vanquished Creatures (collateral kills)
  Saint Roka (Orc:4)
  Mara (Vaults:2)
  Arachne (Spider:3)
  5 ghost moths
  2 emperor scorpions (Spider:5)
  A vampire knight (Vaults:3)
  10 vault guards
  An ironheart preserver (Vaults:5)
  A deep elf high priest (Elf:3)
  2 hydras
  2 ogre magi (Orc:4)
  A spectral elf (Elf:3)
  A fire crab (Vaults:1)
  A deep elf knight (Elf:1)
  An ironbrand convoker (Vaults:3)
  4 harpies (Vaults:2)
  A flayed ghost (Vaults:3)
  A deep elf summoner (Elf:3)
  5 orb spiders (Spider:5)
  Joseph (Orc:4)
  2 red wasps (Spider:5)
  An orc knight (Orc:4)
  An orc sorcerer (Orc:4)
  6 wolf spiders (Spider:5)
  A vault sentinel (Vaults:3)
  An orange demon (Orc:4)
  2 demonic crawlers
  A spiny frog (Swamp:2)
  A human zombie (Vaults:5)
  4 jumping spiders
  A slime creature (Swamp:2)
  A spriggan (Swamp:4)
  A fire elemental (Vaults:5)
  A troll (Vaults:5)
  A giant firefly (Swamp:4)
  2 two-headed ogres (Orc:4)
  A blink frog (Swamp:4)
  2 redbacks
  5 ugly things
  A wolf (D:10)
  A deep elf fighter (Elf:1)
  A water moccasin (D:10)
  A warg (Orc:4)
  5 orc warriors
  A swamp drake (Swamp:2)
  A spider (Spider:5)
  10 ogres (Orc:4)
  A big kobold (D:10)
  A scorpion (Spider:4)
  A troll zombie (Vaults:5)
  A big fish (D:16)
  6 orc priests
  2 orc wizards (Orc:4)
  An orange rat (Elf:1)
  18 orcs
  2 goblins (Orc:4)
  2 kobolds (D:10)
134 creatures vanquished.

Vanquished Creatures (others)
  2 Executioners
  A sphinx (shapeshifter) (Vaults:5)
  A thorn hunter (Swamp:4)
  4 blizzard demons
  4 green deaths
  A spriggan rider (Swamp:4)
  42 spectral weapons
  A ravenous feature mimic (Lair:8)
  3 ogre magi
  A dancing weapon (D:14)
  A hydra (Swamp:5)
  6 death yaks
  2 tengu warriors
  An alligator (Swamp:5)
  A centaur warrior (D:16)
  2 very ugly things (Swamp:5)
  2 rakshasas
  An unseen horror (D:12)
  A deep elf knight (Elf:3)
  2 swamp dragons (Swamp:5)
  4 orb spiders
  2 red wasps
  2 manticores
  2 hill giants (D:11)
  A hell beast (Swamp:5)
  A cyclops (D:15)
  4 wolf spiders
  An elephant (Lair:8)
  An octopode (D:16)
  3 orange demons
  7 spiny frogs
  7 smoke demons
  4 hellwings
  2 komodo dragons
  3 air elementals
  A water elemental (Vaults:2)
  4 demonic crawlers
  6 jumping spiders
  A catoblepas skeleton (D:14)
  2 fire elementals
  2 two-headed ogres
  8 slime creatures
  2 bog bodies (Swamp:4)
  A raven (D:13)
  A deep elf mage (Elf:2)
  4 ynoxinuls
  2 boulder beetles
  9 trapdoor spiders
  3 basilisks
  2 tarantellas
  5 redbacks
  7 yaks
  A steam dragon (D:13)
  4 sharks
  A hog (Swamp:1)
  5 ugly things
  3 neqoxecs
  A vampire mosquito (Swamp:5)
  5 swamp worms
  A warg (Orc:4)
  A wolf (Lair:2)
  A mottled dragon (D:15)
  2 swamp drakes
  2 orc warriors
  3 water moccasins
  8 giant goldfish
  A boring beetle (Spider:4)
  13 spiders
  3 ogres
  A centaur (D:15)
  A giant slug (Lair:2)
  A crocodile (Lair:3)
  3 giant frogs
  2 earth elementals (D:16)
  An insubstantial wisp (Swamp:1)
  A scorpion (Vaults:1)
  A jelly (D:13)
  5 killer bees
  An eye of draining (D:15)
  A wight (D:15)
  A quasit (Swamp:1)
  2 big fish
  A crimson imp (Orc:4)
  An orc priest (Orc:3)
  An elf zombie (D:15)
  An orc wizard (Orc:4)
  2 iguanas
  2 worker ants
  3 green rats
  3 white imps
  A shadow imp (Orc:4)
  A giant mite (Elf:3)
  28 ufetubi
  2 worms
  2 orcs
  A goblin (Orc:4)
  A kobold (D:11)
  2 briar patches (Swamp:3)
  12 fungi
  8 plants
331 creatures vanquished.

Grand Total: 2269 creatures vanquished

Notes
Turn   | Place    | Note
--------------------------------------------------------------
     0 | D:1      | DracheReborn, the Merfolk Fighter, began the quest for the Orb.
     0 | D:1      | Reached XP level 1. HP: 18/18 MP: 1/1
   122 | D:1      | Found a sparkling altar of Nemelex Xobeh.
   305 | D:1      | Reached skill level 4 in Polearms
   305 | D:1      | Reached XP level 2. HP: 21/24 MP: 2/2
  1368 | D:2      | Reached XP level 3. HP: 24/29 MP: 3/3
  1374 | D:2      | Reached skill level 5 in Polearms
  1497 | D:2      | Found a shattered altar of Ashenzari.
  1850 | D:2      | Found a burning altar of Makhleb.
  1868 | D:2      | Became a worshipper of Makhleb the Destroyer
  2066 | D:3      | Reached skill level 6 in Polearms
  2073 | D:3      | Reached XP level 4. HP: 19/35 MP: 4/4
  2097 | D:3      | Reached skill level 7 in Polearms
  2097 | D:3      | Reached XP level 5. HP: 19/41 MP: 5/5
  2312 | D:3      | Found a white marble altar of Elyvilon.
  2619 | D:3      | Reached skill level 8 in Polearms
  2718 | D:3      | Acquired Makhleb's first power
  3227 | D:4      | Noticed a phantom
  3244 | D:4      | Killed a phantom
  3244 | D:4      | Reached skill level 9 in Polearms
  3244 | D:4      | Reached XP level 6. HP: 38/47 MP: 6/6
  3430 | D:4      | Found an ancient bone altar of Kikubaaqudgha.
  3476 | D:4      | Reached skill level 10 in Polearms
  3602 | D:4      | Reached XP level 7. HP: 52/52 MP: 7/7
  3987 | D:5      | Entered Level 5 of the Dungeon
  4003 | D:5      | Acquired Makhleb's second power
  4450 | D:5      | Reached skill level 5 in Fighting
  4524 | D:5      | Noticed Natasha
  4535 | D:5      | Killed Natasha
  4630 | D:5      | Found a shadowy altar of Dithmenos.
  4650 | D:5      | Found a bloodstained altar of Trog.
  4747 | D:5      | Reached skill level 1 in Invocations
  4879 | D:6      | Acquired Makhleb's third power
  5007 | D:6      | Got a warped trident
  5008 | D:6      | Identified the +3,+7 trident of Division {flame, Stlth+} (You found it on level 6 of the Dungeon)
  5044 | D:6      | Reached XP level 8. HP: 56/62 MP: 8/10
  5198 | D:6      | Paralysed by a giant eyeball for 3 turns
  5829 | D:7      | Found a staircase to the Ecumenical Temple.
  6241 | D:7      | Reached skill level 5 in Armour
  6241 | D:7      | Reached skill level 5 in Invocations
  6251 | D:7      | Reached XP level 9. HP: 68/68 MP: 17/17
  6522 | Temple   | Entered the Ecumenical Temple
  6827 | D:8      | Noticed Blork the orc
  6834 | D:8      | Killed Blork the orc
  6863 | D:8      | Acquired Makhleb's fourth power
  7120 | D:8      | Reached skill level 11 in Polearms
  7453 | D:9      | Found a staircase to the Orcish Mines.
  7539 | D:9      | Found a shimmering altar of Xom.
  7539 | D:9      | Noticed an angel
  7540 | D:9      | Found a glowing silver altar of Zin.
  7654 | D:9      | Found a snail-covered altar of Cheibriados.
  7737 | D:9      | Found an ancient bone altar of Kikubaaqudgha.
  8064 | D:9      | Found a basalt altar of Yredelemnul.
  8137 | D:9      | Found a blossoming altar of Fedhas.
  8423 | D:9      | Acquired Makhleb's fifth power
  8494 | D:10     | Entered Level 10 of the Dungeon
  8513 | D:10     | Reached skill level 12 in Polearms
  8561 | D:10     | Reached XP level 10. HP: 74/74 MP: 20/20
  8577 | D:10     | Noticed an octopode
  8597 | D:10     | Killed an octopode
  8743 | D:10     | Noticed a manticore
  8798 | D:10     | Found a staircase to the Lair.
  8806 | D:10     | Reached skill level 13 in Polearms
  8899 | D:10     | Noticed a komodo dragon
  9191 | Lair:1   | Entered Level 1 of the Lair of Beasts
  9203 | Lair:1   | Reached skill level 14 in Polearms
  9623 | D:10     | Paralysed by a giant eyeball for 2 turns
  9737 | D:10     | Noticed Psyche
  9811 | D:10     | Killed Psyche
  9811 | D:10     | Reached XP level 11. HP: 67/79 MP: 22/22
  9882 | D:10     | Killed a komodo dragon
 10173 | D:10     | Banished a manticore
 11164 | Lair:2   | Noticed a four-headed hydra
 11185 | Lair:2   | Killed a four-headed hydra
 11532 | Lair:3   | Found a staircase to the Swamp.
 11623 | Lair:3   | Reached skill level 10 in Invocations
 11818 | Lair:3   | Noticed a four-headed hydra
 11843 | Lair:3   | Killed a four-headed hydra
 11843 | Lair:3   | Reached skill level 10 in Armour
 11843 | Lair:3   | Reached XP level 12. HP: 86/86 MP: 25/25
 12196 | Lair:4   | Identified a scroll of acquirement
 12927 | Lair:4   | Paralysed by a yellow wasp for 1 turns
 14051 | Lair:5   | Learned a level 3 spell: Spectral Weapon
 14055 | Lair:5   | Learned a level 3 spell: Regeneration
 14569 | Lair:5   | Noticed Fannar
 14706 | Lair:5   | Reached skill level 10 in Fighting
 15028 | Lair:6   | Reached skill level 1 in Dodging
 15028 | Lair:6   | Reached skill level 1 in Evocations
 15188 | Lair:6   | Gained mutation: You are resistant to hostile enchantments. [potion of beneficial mutation]
 15315 | Lair:6   | Noticed a six-headed hydra
 15322 | Lair:6   | Killed a six-headed hydra
 15370 | Lair:6   | Found a hole to the Spider Nest.
 15484 | Lair:6   | Reached XP level 13. HP: 103/103 MP: 27/27
 15532 | Lair:6   | Reached skill level 5 in Dodging
 16968 | Lair:7   | Reached skill level 10 in Dodging
 17389 | Lair:8   | Entered Level 8 of the Lair of Beasts
 17389 | Lair:8   | Noticed Harold
 17420 | Lair:8   | Banished Harold
 17472 | Lair:8   | Noticed Nergalle
 17788 | Lair:8   | Noticed Snorg
 17943 | Lair:8   | Found a staircase to the Slime Pits.
 18087 | Lair:8   | Killed Nergalle
 18463 | Lair:8   | Got a fine granite ring
 18550 | Lair:8   | Reached XP level 14. HP: 110/110 MP: 27/27
 18834 | Lair:8   | Reached skill level 5 in Evocations
 19039 | Lair:8   | Killed Snorg
 19300 | Lair:8   | Reached skill level 15 in Dodging
 19910 | Orc:1    | Entered Level 1 of the Orcish Mines
 19947 | Orc:1    | Found a shimmering altar of Xom.
 20033 | Orc:1    | Found Makuph's Weapon Emporium.
 20152 | Orc:2    | Noticed Maurice
 20221 | Orc:2    | Killed Maurice
 20629 | Orc:3    | Noticed Donald
 20879 | Orc:3    | Found a staircase to the Elven Halls.
 20970 | Orc:3    | Reached skill level 1 in Spellcasting
 21275 | Orc:3    | Found Kyuc's Food Shop.
 21445 | Orc:2    | Banished Donald
 21858 | Orc:1    | Noticed Erolcha
 22277 | Orc:4    | Entered Level 4 of the Orcish Mines
 22280 | Orc:4    | Noticed Joseph
 22292 | Orc:4    | Killed Joseph
 22634 | Orc:4    | Reached skill level 1 in Charms
 22702 | Orc:4    | Found Smoak's Armour Emporium.
 22702 | Orc:4    | Found Cogitirij's Magic Scroll Shop.
 22749 | Orc:4    | Found Striahun's Magic Scroll Shop.
 22749 | Orc:4    | Found Ukaenur's Weapon Shoppe.
 22953 | Orc:4    | Noticed Saint Roka
 23009 | Orc:4    | Killed Saint Roka
 23521 | Orc:4    | Bought a scroll of identify for 24 gold pieces
 23522 | Orc:4    | Identified the ring of Cliuz {Wiz Int+3} (You found it on level 8 of the Lair of Beasts)
 23791 | D:10     | Reached skill level 5 in Charms
 24368 | D:12     | Reached XP level 15. HP: 106/120 MP: 28/28
 26017 | D:14     | Found Chabbat's Gadget Shop.
 26496 | D:14     | Reached skill level 5 in Shields
 26647 | D:14     | Found a gate to the Vaults.
 27087 | D:14     | Upgraded the game from 0.14-a0-3154-g428849b to 0.14-a0-3167-gc8df72d
 27441 | D:15     | Entered Level 15 of the Dungeon
 27609 | D:15     | Found Fielot's Distillery.
 28100 | D:16     | Entered Level 16 of the Dungeon
 28481 | D:16     | Found a staircase to the Depths.
 29067 | D:16     | Reached XP level 16. HP: 109/127 MP: 31/31
 30102 | D:15     | Gained mutation: You possess an exceptional clarity of mind. [potion of beneficial mutation]
 30511 | Swamp:1  | Entered Level 1 of the Swamp
 30517 | Swamp:1  | Reached skill level 16 in Dodging
 30675 | Swamp:1  | Noticed Roxanne
 30993 | Swamp:1  | Noticed Kirke
 31142 | Swamp:1  | Banished Kirke
 31400 | Swamp:2  | Noticed Frances
 31459 | Swamp:2  | Killed Frances
 32050 | Swamp:2  | Reached skill level 5 in Stealth
 33433 | Swamp:3  | Noticed a thorn hunter
 33483 | Swamp:3  | Killed a thorn hunter
 33764 | Swamp:4  | Reached skill level 10 in Charms
 34234 | Swamp:4  | Noticed a thorn hunter
 34252 | Swamp:4  | HP: 4/127 [thorn hunter/volley of thorns (25)]
 34573 | Swamp:4  | Got a transparent crossbow
 34574 | Swamp:4  | Identified the +8,+6 crossbow "Legojaky" {venom, -Tele +Inv rElec MR+} (You found it on level 4 of the Swamp)
 35171 | Swamp:4  | Reached skill level 1 in Hexes
 35213 | Swamp:4  | Banished a thorn hunter
 35328 | Swamp:5  | Entered Level 5 of the Swamp
 35425 | Swamp:5  | Reached XP level 17. HP: 133/133 MP: 31/31
 35566 | Swamp:5  | Noticed Wiglaf
 35655 | Swamp:5  | Killed Wiglaf
 36538 | Swamp:5  | Got a decaying rune of Zot
 37359 | Spider:1 | Entered Level 1 of the Spider Nest
 37710 | Spider:1 | Noticed Louise
 37756 | Spider:1 | Killed Louise
 37842 | Spider:1 | Reached skill level 1 in Necromancy
 37936 | Spider:1 | Noticed Maud
 37963 | Spider:1 | Banished Maud
 38616 | Spider:2 | Upgraded the game from 0.14-a0-3167-gc8df72d to 0.14-a0-3194-g0089908
 39398 | Spider:3 | Reached skill level 17 in Dodging
 40089 | Spider:3 | Noticed Arachne
 40137 | Spider:3 | Killed Arachne
 40757 | Spider:4 | Reached XP level 18. HP: 115/142 MP: 32/32
 40910 | Spider:4 | Noticed Agnes
 40918 | Spider:4 | Banished Agnes
 41236 | Spider:4 | Noticed Nikola
 41601 | Spider:5 | Entered Level 5 of the Spider Nest
 41753 | Spider:5 | Reached skill level 18 in Dodging
 42595 | Spider:5 | Got a gossamer rune of Zot
 43046 | Lair:6   | Identified a +2 rod of the swarm (11/11) (You found it on level 3 of the Spider Nest)
 43056 | Lair:6   | moment of truth
 43057 | Lair:6   | haha successful disto unwield
 43453 | Elf:1    | Entered Level 1 of the Elven Halls
 43543 | Elf:1    | Found Tebaicemp's Gadget Shop.
 43548 | Elf:1    | Found Phiusm's Magic Scroll Shoppe.
 43733 | Elf:1    | Found Naocval's General Store.
 44176 | Elf:1    | Found Jolarien's Food Emporium.
 44613 | Elf:1    | Upgraded the game from 0.14-a0-3194-g0089908 to 0.14-a0-3247-g5fd345f
 45884 | Elf:3    | Entered Level 3 of the Elven Halls
 46101 | Elf:3    | Identified the Incunabulum of Unholy Arts
 46413 | Elf:3    | Reached XP level 19. HP: 152/152 MP: 27/33
 46437 | Elf:3    | Reached skill level 1 in Unarmed Combat
 47513 | Elf:3    | Got a bloodstained great sword
 47655 | Elf:3    | HP: 2/152 [deep elf master archer/arrow (22)]
 47699 | Elf:3    | Got a flickering lapis lazuli ring
 47941 | Elf:3    | Identified the ring "Twaexim" {Wiz Int+1 Dam+4} (You took it off a deep elf conjurer on level 3 of the Elven Halls)
 48054 | Elf:3    | Identified the +10,+11 great sword of DracheReborn's Woe {slice, rElec rPois Dex+4} (You took it off a deep elf sorcerer on level 3 of the Elven Halls)
 48560 | Elf:3    | Learned a level 1 spell: Apportation
 48563 | Elf:3    | Learned a level 2 spell: Blink
 48712 | Elf:2    | Upgraded the game from 0.14-a0-3247-g5fd345f to 0.14-a0-3278-gb24e923
 49333 | Vaults:1 | Entered Level 1 of the Vaults
 49476 | Vaults:1 | Found Rosy's Antique Weapon Boutique.
 49861 | Vaults:1 | Found a portal to a secret trove of treasure.
 50673 | Trove    | Entered a treasure trove
 50682 | Trove    | Got a blackened bardiche
 50686 | Trove    | Identified the +8,+4 bardiche of Eternity {freeze, Int+2} (You found it in a treasure trove)
 50693 | Trove    | Got a slimy great sword
 50697 | Trove    | Got a pitted bronze ring
 50714 | Trove    | Identified the +3,+6 great sword of Tigroej {freeze, MR++} (You found it in a treasure trove)
 50881 | Vaults:1 | Paralysed by a red wasp for 3 turns
 51153 | Vaults:1 | Reached skill level 5 in Unarmed Combat
 52077 | Vaults:2 | Reached skill level 15 in Polearms
 52139 | Vaults:2 | Learned a level 2 spell: Swiftness
 52142 | Vaults:2 | Learned a level 2 spell: Repel Missiles
 52250 | Vaults:2 | Noticed Mara
 52331 | Vaults:2 | Reached XP level 20. HP: 159/159 MP: 17/33
 52349 | Vaults:2 | Got a wavering tin ring
 52351 | Vaults:2 | Got a slimy scale mail
 52433 | Vaults:2 | Identified the -10 scale mail of Feasting {rN+} (You found it on level 2 of the Vaults)
 53006 | Vaults:2 | Found a staircase to the Crypt.
 53296 | Vaults:2 | Noticed DracheReborn's illusion
 53608 | Vaults:2 | Noticed a Brimstone Fiend
 53930 | Vaults:3 | Found a staircase to the Crypt.
 53933 | Vaults:3 | the staircase to the Crypt was a mimic.
 54116 | Vaults:3 | Reached skill level 15 in Armour
 54275 | Vaults:3 | Found a staircase to the Hall of Blades.
 54427 | Vaults:3 | Got a steaming sling
 54428 | Vaults:3 | Identified the cursed -1,+11 sling "Qusicaor" {speed, rF+ rN+ MR++} (You found it on level 3 of the Vaults)
 54499 | Vaults:2 | Noticed DracheReborn's illusion
 54907 | Lair:1   | Upgraded the game from 0.14-a0-3278-gb24e923 to 0.14-a0-3295-g3fd807f
 55531 | Vaults:3 | Found Xamuod's Armour Shop.
 55535 | Vaults:3 | Bought the +2 helmet "Vyenif" {rElec rPois rF+ Curse} for 754 gold pieces
 55535 | Vaults:3 | Bought a +0 buckler of resistance for 598 gold pieces
 55574 | Vaults:3 | Noticed Frederick
 55591 | Vaults:3 | Noticed Rupert
 55667 | Vaults:3 | Killed Rupert
 55710 | Vaults:3 | Killed Frederick
 56274 | Vaults:3 | Identified the ring of Vieteext {+Fly Dex-5} (You found it on level 2 of the Vaults)
 56932 | Vaults:4 | Reached XP level 21. HP: 166/166 MP: 18/34
 57354 | Vaults:4 | Reached skill level 19 in Polearms
 58351 | Lair:1   | Learned a level 4 spell: Control Teleport
 58356 | Lair:1   | Learned a level 4 spell: Passage of Golubria
 58362 | Lair:1   | Learned a level 5 spell: Phase Shift
 58561 | Orc:4    | Bought a scroll of identify for 36 gold pieces
 58561 | Orc:4    | Bought a scroll of enchant weapon I for 63 gold pieces
 58566 | Orc:4    | Bought a scroll of remove curse for 36 gold pieces
 58566 | Orc:4    | Bought a scroll of blinking for 90 gold pieces
 59312 | Slime:1  | Entered Level 1 of the Pits of Slime
 59781 | Vaults:2 | Killed Mara
 59858 | Vaults:3 | Reached skill level 20 in Polearms
 59905 | Vaults:5 | Entered Level 5 of the Vaults
 59911 | Vaults:5 | Noticed an ancient lich
 60135 | Vaults:5 | HP: 5/166 [titan (50)]
 60200 | Vaults:5 | Reached skill level 21 in Polearms
 60630 | Vaults:5 | Reached skill level 22 in Polearms
 60792 | Vaults:5 | HP: 6/166 [something/bolt of cold (62)]
 60794 | Vaults:5 | HP: 2/166 [tengu reaver/bardiche (12)]
 60794 | Vaults:5 | Slain by an ancient lich

Action                   |  1- 3 |  4- 6 |  7- 9 | 10-12 | 13-15 | 16-18 | 19-21 || total
-------------------------+-------+-------+-------+-------+-------+-------+-------++-------
Melee: Trident           |   165 |    86 |   270 |  1016 |  2370 |  3258 |  1118 ||  8283
       Spear             |       |    59 |    91 |       |       |       |       ||   150
       Bardiche          |       |       |       |       |       |       |   570 ||   570
 Fire: Sling             |       |    17 |     5 |       |       |       |     2 ||    24
       Blowgun           |       |       |    28 |       |       |       |       ||    28
Throw: Dart              |     1 |     2 |     1 |    16 |     8 |       |       ||    28
       Stone             |       |     1 |       |       |     5 |       |       ||     6
       Tomahawk          |       |       |     5 |     5 |    75 |     1 |       ||    86
       Javelin           |       |       |       |       |    30 |    10 |     2 ||    42
       Throwing net      |       |       |       |       |       |     5 |       ||     5
 Cast: Spectral Weapon   |       |       |       |       |       |    19 |   104 ||   123
       Regeneration      |       |       |       |       |       |     4 |     1 ||     5
       Repel Missiles    |       |       |       |       |       |       |     9 ||     9
       Swiftness         |       |       |       |       |       |       |     3 ||     3
Invok: Lesser Servant of |       |       |       |     5 |    12 |    17 |     5 ||    39
       Minor Destruction |       |       |       |       |     5 |       |       ||     5
       Greater Servant o |       |       |       |       |     4 |    12 |     9 ||    25
       Major Destruction |       |       |       |       |     2 |       |       ||     2
Evoke: Wand              |       |       |     5 |    40 |    29 |    67 |    26 ||   167
       Deck              |       |       |       |       |       |     5 |       ||     5
       Sack of spiders   |       |       |       |       |       |       |    10 ||    10
       Rod               |       |       |       |       |       |       |     5 ||     5
       Lamp of fire      |       |       |       |       |       |       |     4 ||     4
       Phial of floods   |       |       |       |       |       |       |     1 ||     1
       Fan of gales      |       |       |       |       |       |       |     4 ||     4
  Use: Scroll            |     5 |     8 |     3 |    15 |     5 |    23 |    28 ||    87
       Potion            |       |     1 |       |     1 |     7 |    14 |     7 ||    30
 Stab: Distracted        |       |       |       |       |     3 |    14 |    18 ||    35
       Paralysed         |       |       |       |       |     2 |       |       ||     2
       Confused          |       |       |       |       |     1 |     4 |       ||     5
       Sleeping          |       |       |       |       |       |       |     4 ||     4
       Held in net/web   |       |       |       |       |       |       |     3 ||     3
       Invisible         |       |       |       |       |       |       |     5 ||     5
